 Dungeon Crawl Stone Soup version 0.31.0-7-gf635a9b802 (webtiles) character file.

Game seed: 5452094339673530668

23 Skitler the Gusty (level 2, -2/15 HPs)
             Began as a Deep Elf Air Elementalist on Jan 24, 2024.
             Killed from afar by Sigmund (10 damage)
             ... with a puff of flame
             ... on level 2 of the Dungeon.
             The game lasted 00:02:10 (1333 turns).

Skitler the Gusty (Deep Elf Air Elementalist)       Turns: 1333, Time: 00:02:11

Health: -2/15      AC:  2    Str:  5    XL:     2   Next: 75%
Magic:  1/8        EV: 17    Int: 19    God:
Gold:   59         SH:  0    Dex: 15    Spells: 6/7 levels left

rFire   . . .        (no weapon)
rCold   . . .        (no shield)
rNeg    . . .        a - +0 robe
rPois   .            (no helmet)
rElec   .            (no cloak)
rCorr   .            (no gloves)
SInv    .            (no boots)
Will    .....        (no amulet)
Stlth   ++           h - +5 ring of evasion
HPRegen 0.22/turn    (no ring)
MPRegen 0.11/turn

%: no passive effects
@: no status effects
A: no striking features
a: no special abilities


You were on level 2 of the Dungeon.
You visited 1 branch of the dungeon, and saw 2 of its levels.

You collected 59 gold pieces.

Inventory:

Hand Weapons
 f - a +0 falchion
Missiles
 g - 5 javelins
Armour
 a - a +0 robe (worn)
Jewellery
 h - a +5 ring of evasion (left hand)
Scrolls
 c - a scroll of teleportation {unknown}
 d - a scroll of enchant armour {unknown}
 i - a scroll of identify {unknown}
Potions
 b - 2 potions of magic
 e - a potion of degeneration {unknown}


   Skills:
 * Level 0.2 Fighting
 * Level 0.2 Short Blades
 - Level 2.6 Dodging
 + Level 2.5 Stealth
 * Level 3.3 Spellcasting
 + Level 1.1 Conjurations
 * Level 3.6 Air Magic


You had 6 spell levels left.
You knew the following spells:

 Your Spells              Type           Power      Damage    Failure   Level
a - Shock                 Conj/Air       48%        1d6       5%          1

Your spell library contained the following spells:

 Spells                   Type           Power      Damage    Failure   Level
 Static Discharge         Conj/Air       24%        3-4/arc   9%          2
 Swiftness                Air            17%        N/A       10%         3
 Airstrike                Air            8%         2d(2-18)  32%         4


Dungeon Overview and Level Annotations

Branches:
Dungeon (2/15)

Altars:

Shops:
D:1 *

Annotations:
D:2 Sigmund


Message History

You kill the goblin!
You can't see any susceptible monsters within range! (Use Z to cast anyway.)
Things that are here:
a +0 club; a goblin corpse
Things that are here:
a +0 club; a goblin corpse Sigmund the Dreaded comes into view.
He is wielding a +0 scythe.
The zap hits Sigmund.
Sigmund is lightly wounded.
Sigmund shouts!
You miscast Shock.
You are very lightly contaminated with residual magic.
Nothing appears to happen.
The zap hits Sigmund.
Sigmund is moderately wounded.
The zap hits Sigmund.
Sigmund is moderately wounded.
The zap hits Sigmund.
Sigmund is moderately wounded.
The zap misses Sigmund.
Sigmund completely misses you.
The zap hits Sigmund.
Sigmund is heavily wounded.
The zap hits Sigmund.
Sigmund is severely wounded.
Sigmund gestures at you while chanting. You resist with significant effort.
Sigmund breathes a few words.
Sigmund's hands start flickering wildly.
Your magical contamination has completely faded away.
Sigmund attacks as he pursues you! Sigmund completely misses you.
Sigmund smiles chillingly.
Sigmund mumbles some strange words.
Sigmund flickers and vanishes!
Deactivating autopickup; reactivate with Ctrl-A.
A puff of flame appears from out of thin air!
The puff of flame hits you!
A puff of flame appears from out of thin air!
The puff of flame hits you!
Ouch! That really hurt!
You die...

..# #.#
#.################
.................#
#.#.############.#
#....## #.# #.....#
#)# .....## #.#
###.## #@# #.#
####.#### #.#
#.......# ##'##
#.......# ##...##
#.......# #.....##
#...{...# .......##
##.......#
........####........#
........'...........#


There were no monsters in sight!

Vanquished Creatures
  A dart slug (D:1)
  2 ball pythons (D:1)
  An endoplasm (D:1)
  A goblin (D:2)
  A hobgoblin (D:1)
  3 jackals (D:1)
  A kobold (D:1)
  A quokka (D:1)
  6 bats
  2 rats (D:1)
19 creatures vanquished.

Notes
Turn   | Place    | Note
-------+----------+-------------------------------------------
     0 | D:1      | Skitler the Deep Elf Air Elementalist began the quest for
                  | the Orb.
     0 | D:1      | Reached XP level 1. HP: 10/10 MP: 6/6
    76 | D:1      | Found Xuvusink's General Store.
   287 | D:1      | Reached XP level 2. HP: 15/15 MP: 6/8
  1318 | D:2      | Noticed Sigmund
  1333 | D:2      | Killed from afar by Sigmund

Illustrated notes

Levels and vault maps discovered:
D:1:      nzn_arrival_crosshair, layout_basic, serial_shops,
          nicolae_shop_pleasant_corner_grove, dk_noncrumbling_4
D:2:      layout_loops_corners, basic_altar, chequers_hall_statues_corner_a,
          uniq_sigmund

Action                     || total
---------------------------++-------
   Cast: Shock             ||    46
 Armour: Robe              ||     3
  Dodge: Dodged            ||     8
